 Dungeon Crawl Stone Soup version 0.27-a0-1501-g9d6fb14e67 (webtiles) character file.

Game seed: 5197604309245902447

82 Lekart the Slasher (level 4, -2/40 HPs)
             Began as a Draconian Chaos Knight on July 8, 2021.
             Was a Plaything of Xom.
             Slain by an orc (7 damage)
             ... on level 3 of the Dungeon.
             The game lasted 00:03:11 (2076 turns).

Lekart the Slasher (Draconian Chaos Knight)         Turns: 2076, Time: 00:03:11

Health: -2/40      AC:  7    Str: 22    XL:     4   Next: 21%
Magic:  5/5        EV: 12    Int: 13    God:    Xom [.*....]
Gold:   81         SH:  0    Dex: 11    Spells: 5/5 levels left

rFire    . . .     SeeInvis .   a - +0 falchion (chaos)
rCold    + . .     Faith    .   (no shield)
rNeg     . . .     Spirit   .   (armour unavailable)
rPois    .         Reflect  .   d - +2 hat
rElec    .         Harm     .   (no cloak)
rCorr    .         Rampage  .   (no gloves)
Will     .....     Rnd*Tele +   (no boots)
Stlth    +.........             (no amulet)
HPRegen  0.13/turn              g - +6 ring of strength
MPRegen  0.09/turn              b - ring of protection from cold

@: confused
A: AC +5, unfitting armour, cold-blooded, screaming 1, strong 1, teleportitis 1
a: Renounce Religion


You were on level 3 of the Dungeon.
You worshipped Xom.
You were a plaything of Xom.
You visited 1 branch of the dungeon, and saw 4 of its levels.

You collected 81 gold pieces.

Inventory:

Hand Weapons
 a - a +0 falchion of chaos (weapon)
Missiles
 c - 6 curare-tipped darts (quivered)
 i - 4 boomerangs of dispersal
Armour
 d - a +2 hat (worn)
Jewellery
 b - a ring of protection from cold (right hand)
 g - a +6 ring of strength (left hand)
Scrolls
 e - a scroll of magic mapping


   Skills:
 + Level 3.9 Fighting
 + Level 4.0 Long Blades
 + Level 2.4 Dodging
 * Level 1.3 Spellcasting


You had 5 spell levels left.
You didn't know any spells.
Your spell library was empty.

Dungeon Overview and Level Annotations

Branches:
Dungeon (4/15)
 Temple: D:4-7

Altars:


Innate Abilities, Weirdness & Mutations

Your plain brown scales are hard. (AC +5)
You cannot fit into any form of body armour.
You are cold-blooded and may be slowed by cold attacks.
You occasionally shout uncontrollably at your foes.
Your muscles are strong. (Str +2)
You are occasionally teleported next to monsters.


Message History

You hit the orc.
The orc is lightly wounded.
Sigmund hits you with a +0 scythe.
The orc hits the orc with a +0 flail!
The orc dies!
The orc closely misses you.
You barely miss Sigmund.
Sigmund is severely wounded.
Sigmund hits you with a +0 scythe! The orc barely misses you.
The orc barely misses the orc.
Sigmund hits you but does no damage.
You bump into the rock wall.
The orc closely misses the orc.
The orc barely misses you.
Sigmund points at you and mumbles some strange words.
You are more confused.
You miss the orc.
The orc hits the orc with a +0 flail!
The orc dies!
The orc barely misses you. The orc hits you but does no damage.
Sigmund hits you with a +0 scythe.
* * * LOW HITPOINT WARNING * * *
The orc closely misses you.
You barely miss Sigmund.
Sigmund is severely wounded.
The orc hits you with a +0 club.
* * * LOW HITPOINT WARNING * * *
Sigmund barely misses you. The orc hits you with a +0 flail.
* * * LOW HITPOINT WARNING * * *
The orc hits the orc with a +0 flail.
The orc hits you with a +0 club.
* * * LOW HITPOINT WARNING * * *
You barely miss Sigmund. You tail-slap Sigmund.
Sigmund is almost dead.
Sigmund barely misses you.
The orc hits the orc with a +0 flail.
The orc dies!
The orc hits you but does no damage. Sigmund closely misses you.
The orc barely misses Sigmund.
The orc closely misses you. Sigmund completely misses you.
The orc hits you but does no damage.
The orc closely misses Sigmund.
You slash Sigmund!
You kill Sigmund!
The orc hits you with a +0 flail!
You die...

,,*,.....#...,,,,,,,,* *,,,,,,,*
,,*,.....##...##.#######,,,,<,,*
,.#,.....##...#....#...#,,,,,,,*
,,.[..,,,.......P......,,,,,,,,*
,,,.#.#####....P≈≈P...,*,,,,,,,*
.,,,............P...#,,****,****
..,##..####........+**,,* *,*
..,,...........)o)##_**,* *,*
..####.####....o@).##*,,***,*
.............$##....#,,,,,*,*
.#......###...###.......,,,,*
..............# #.###.....,,*****
.#...#..##..#.# #.# **....,,,,,,,
,#.#........#.###.####....,******
,#,#..##.##.#.#........[..,* **
,*,#..##..#.#.#...........,* *,
,*,#..##..#.#.#...........,* **


You could see an orc and a neutral orc.

Vanquished Creatures
  Sigmund (D:3)
  3 gnolls (D:3)
  2 dart slugs (D:3)
  8 endoplasms
  2 giant cockroaches
  7 goblins
  3 hobgoblins
  6 jackals (D:2)
  A quokka (D:2)
  3 ball pythons
  4 bats
  A frilled lizard (D:2)
  2 kobolds
  4 rats
47 creatures vanquished.

Vanquished Creatures (others)
  3 orcs (D:3)
3 creatures vanquished.

Grand Total: 50 creatures vanquished

Notes
Turn   | Place    | Note
-------+----------+-------------------------------------------
     0 | D:1      | Lekart the Draconian Chaos Knight began the quest for the
                  | Orb.
     0 | D:1      | Reached XP level 1. HP: 19/19 MP: 1/1
   364 | D:1      | XOM: silly message
   411 | D:1      | Reached XP level 2. HP: 26/26 MP: 2/2
  1342 | D:2      | Reached XP level 3. HP: 33/33 MP: 4/4
  1571 | D:2      | Reached skill level 1 in Spellcasting
  1696 | D:3      | XOM: summons 1 hostile demon
  1710 | D:3      | XOM: god gift: scroll labelled VAUNORPHEOME {god gift}
  1933 | D:3      | Reached skill level 4 in Long Blades
  1933 | D:3      | Reached XP level 4. HP: 36/40 MP: 5/5
  2019 | D:3      | XOM: give mutations
  2019 | D:3      | Gained mutation: You are occasionally teleported next to
                  | monsters. [Xom's mischief]
  2019 | D:3      | Gained mutation: You occasionally shout uncontrollably at
                  | your foes. [Xom's mischief]
  2019 | D:3      | Gained mutation: Your muscles are strong. (Str +2) [Xom's
                  | mischief]
  2058 | D:3      | Noticed Sigmund
  2076 | D:3      | Killed Sigmund
  2076 | D:3      | Slain by an orc

Illustrated notes

Levels and vault maps discovered:
D:1:      ncdulo_lavacross, layout_basic, minmay_misc_feat_square,
          chequers_serial_rivers_marsh
D:2:      layout_basic
D:3:      layout_basic, tso_oasis_becter, kennysheep_slug_shrine,
          kennysheep_generic_room_7, uniq_sigmund
D:4:      layout_basic, minmay_temple_entry_statues_fountains, nrook_uturn

Skill      XL: |  1  2  3 |
---------------+----------+-----
Spellcasting   | 1 |  1.3
Long Blades    | 4 |  4.0
Fighting       | |  3.9
Dodging        | |  2.4

Action                   |  1- 3 |  4- 6 || total
-------------------------+-------+-------++-------
Melee: Falchion          |    97 |    22 ||   119
       Tailslap          |     9 |     4 ||    13
Throw: Dart              |     1 |       ||     1
  Use: Scroll            |     3 |     1 ||     4
       Potion            |     2 |       ||     2
 Stab: Paralysed         |     1 |       ||     1
       Sleeping          |     1 |       ||     1
Armor: Skin              |    29 |     8 ||    37
Dodge: Dodged            |    61 |    25 ||    86
       Rpst.: Falchion   |    20 |       ||    20

Table legend: (Time is in decaauts)
 A = Elapsed time spent in this place.
 B = Non-inter-level travel time spent in this place.
 C = Inter-level travel time spent in this place.
 D = Time resting spent in this place.
 E = Time spent auto-exploring this place.
 F = Levels seen in this place.
 G = Mean time per level.
                   A        B        C        D        E       F      G
               +--------+--------+--------+--------+--------+-----+--------+
         Total |   2096 |   2029 |     67 |     54 |   1656 |   4 |  524.0 |
       Dungeon |   2096 |   2029 |     67 |     54 |   1656 |   4 |  524.0 |
               +--------+--------+--------+--------+--------+-----+--------+

Top non-repeatable levels by time:
     D:1: 892 daAuts
     D:2: 816 daAuts
     D:3: 377 daAuts
     D:4: 10 daAuts
